 Dungeon Crawl Stone Soup version 0.18.1-48-g4cf74bf (webtiles) character file.

191 RepoMan the Cudgeler (level 5, -3/50 HPs)
             Began as a Troll Fighter on Aug 23, 2016.
             Killed from afar by an orc wizard (7 damage)
             ... with a magic dart
             ... on level 3 of the Dungeon.
             The game lasted 00:12:08 (1297 turns).

RepoMan the Cudgeler (Troll Fighter)                Turns: 1297, Time: 00:12:12

Health: -3/50      AC:  5    Str: 21 (24) XL:     5   Next: 41%
Magic:  4/4        EV: 10    Int:  1 (4)  God:
Gold:   35         SH:  0    Dex:  7 (10) Spells: 0 memorised, 4 levels left

rFire  . . .     SeeInvis .     a - +0 flail
rCold  . . .     Gourm    +     b - +0 robe
rNeg   . . .     Faith    .     (no shield)
rPois  .         Spirit   .     (helmet restricted)
rElec  .         Dismiss  .     (no cloak)
rCorr  .         Reflect  .     (gloves unavailable)
SustAt .         Harm     .     (boots unavailable)
MR     .....                    (no amulet)
Stlth  +.........               (no ring)
                                (no ring)

@: not resistant to hostile enchantments, very unstealthy
A: unfitting armour, claws 3, fast metabolism 3, gourmand, regeneration 2,
shaggy fur 1, tough skin 2
a: no special abilities


You were on level 3 of the Dungeon.
You were completely stuffed.

You visited 1 branch of the dungeon, and saw 3 of its levels.

You collected 35 gold pieces.

Inventory:

Hand Weapons
 a - a +0 flail (weapon)
Missiles
 i - 3 javelins (quivered)
Armour
 b - a +0 robe (worn)
 c - a +0 shield
Jewellery
 u - an uncursed amulet of harm {unknown}
Scrolls
 e - 2 scrolls of identify {unknown}
 g - 2 scrolls of teleportation {unknown}
 k - a scroll of random uselessness {unknown}
 o - a scroll of enchant armour {unknown}
 p - 2 scrolls of remove curse {unknown}
 q - 2 scrolls of fear {unknown}
Potions
 d - 2 potions of curing
 j - a potion of ambrosia {unknown}
 l - a potion of cure mutation {unknown}
 n - a potion of haste {unknown}
 s - a potion of cancellation
 t - a potion of magic {unknown}
Comestibles
 f - 3 bread rations
 m - 2 chunks of flesh
 r - a meat ration
 v - a royal jelly


   Skills:
 - Level 2.6 Fighting
 * Level 4.3 Maces & Flails
 + Level 3.4 Dodging
 - Level 2.4 Shields


You had 4 spell levels left.
You didn't know any spells.

Dungeon Overview and Level Annotations

Branches:
Dungeon (3/15)

Altars:
Ru
Yredelemnul

Annotations:
D:3 1 runed door


Innate Abilities, Weirdness & Mutations

You are too large for most types of armour.
You have claws for hands.
Your metabolism is lightning-fast.
You like to eat raw meat.
You heal very quickly.
You are covered in fur (AC +1).
You have very tough skin (AC +2).


Message History

You barely miss the orc.
The orc is heavily wounded.
The orc misses you.
You hit the orc.
You kill the orc!
You hear some strange, mumbled words.
A puff of flame appears from out of thin air!
The puff of flame hits you!
* * * LOW HITPOINT WARNING * * *
Drink which item? (? for menu, Esc to quit)
It was a potion of cancellation.
You feel magically purged. Something hits you.
* * * LOW HITPOINT WARNING * * *
Drink which item? (? for menu, Esc to quit)
It was a potion of degeneration.
There was something very wrong with that liquid.
You feel weakened.
You feel dopey.
You feel clumsy.
You hear some strange, mumbled words.
A magic dart appears from out of thin air!
The magic dart hits you!
You die...

####...o.......#
.......o######## .......o#
###################
.....(..#####......#...........
.......o#......................
#####.#.....#......#.#.........
.......o..o.ooo...............
............#o###.#.#.........
.............#o.@....#.........
.............#######.#.........
.>...........#######.#.........
.......##.#.##...##.##.#######
..).... #.####._.##.........#
... #.####...###........#
#.#..#####..........# .##
#.................#
....#...#+#...........#


You could see an orc wizard and 2 orcs.

Vanquished Creatures
  An orc priest (D:3)
  Natasha (thrice) (D:2)
  3 adders (D:2)
  An ooze (D:3)
  3 worms (D:2)
  A dart slug (D:2)
  A giant gecko (D:1)
  An orc (D:3)
  3 giant cockroaches
  7 hobgoblins
  A quokka (D:2)
  5 goblins
  A goblin skeleton (D:3)
  7 kobolds
  A kobold skeleton (D:3)
  10 rats
49 creatures vanquished.

Notes
Turn   | Place    | Note
--------------------------------------------------------------
     0 | D:1      | RepoMan the Troll Fighter began the quest for the Orb.
     0 | D:1      | Reached XP level 1. HP: 22/22 MP: 0/0
    82 | D:1      | Reached skill level 2 in Maces & Flails
   127 | D:1      | Reached XP level 2. HP: 29/29 MP: 1/1
   176 | D:1      | You fall through a shaft!
   389 | D:2      | Reached XP level 3. HP: 32/36 MP: 2/2
   562 | D:2      | Found a sacrificial altar of Ru.
   605 | D:2      | Noticed Natasha
   629 | D:2      | Reached skill level 3 in Maces & Flails
   643 | D:2      | Killed Natasha
   643 | D:2      | Reached XP level 4. HP: 22/44 MP: 3/3
   699 | D:2      | Noticed Natasha
   712 | D:2      | Killed Natasha
   983 | D:2      | Noticed Natasha
  1008 | D:2      | Killed Natasha
  1008 | D:2      | Reached skill level 4 in Maces & Flails
  1008 | D:2      | Reached XP level 5. HP: 14/50 MP: 4/4
  1139 | D:3      | Noticed a human
  1140 | D:3      | Found a runed door.
  1154 | D:3      | Found a basalt altar of Yredelemnul.
  1297 | D:3      | Killed from afar by an orc wizard

Skill      XL: |  1  2  3  4 |
---------------+-------------+-----
Maces & Flails | 2 3 4 |  4.3
Dodging        | 3 |  3.4
Fighting       | |  2.6
Shields        | |  2.4

Action                   |  1- 3 |  4- 6 || total
-------------------------+-------+-------++-------
Melee: Flail             |   133 |    79 ||   212
  Use: Potion            |     1 |     3 ||     4
 Stab: Sleeping          |       |     1 ||     1
  Eat: Chunk             |    12 |     6 ||    18
Armor: Robe              |    35 |    31 ||    66
Dodge: Dodged            |    62 |    36 ||    98
